 Dungeon Crawl Stone Soup version 0.31-a0-1139-gec03705108 (webtiles) character file.

Game seed: 14520763357307176962

137 James the Ruffian (level 5, -1/61 HPs)
             Began as a Merfolk Shapeshifter on Dec 6, 2023.
             Was a Believer of Trog.
             Slain by an orc priest
             ... wielding a +0 hand axe
              (4 damage)
             ... on level 3 of the Dungeon.
             The game lasted 00:05:39 (2536 turns).

James the Ruffian (Merfolk Shapeshifter)            Turns: 2536, Time: 00:05:40

Health: -1/61      AC:  4    Str: 16    XL:     5   Next: 20%
Magic:  5/5        EV: 13    Int:  9    God:    Trog [**....]
Gold:   40         SH:  0    Dex: 14    Spells: 4/4 levels left

rFire   + .          .
                       - Unarmed
rCold   . . .        (no shield)
rNeg    . . .        e - +1 leather armour
rPois   .            (helmet currently unavailable)
rElec   .            (cloak currently unavailable)
rCorr   .            (gloves currently unavailable)
SInv    +            (boots currently unavailable)
Will    .....        (no amulet) Stlth
                     i - ring of protection from fire
HPRegen 0.30/turn    z - ring of see invisible
MPRegen 0.09/turn

%: no passive effects
@: berserking, beast-form, very quick
A: beast (slay +2), (nimble swimmer 2), mertail
a: Begin Untransformation, Renounce Religion, Berserk, Trog's Hand


You were on level 3 of the Dungeon.
You worshipped Trog.
Trog was pleased with you.
You were a hulking beast.
You visited 1 branch of the dungeon, and saw 3 of its levels.

You collected 128 gold pieces.
You spent 88 gold pieces at shops.

Inventory:

Hand Weapons
 o - a +0 sling of draining
   (You took it off a goblin on level 2 of the Dungeon)
 v - the +7 dagger "Xiellum" {pain, Int+3}
   (You found it on level 2 of the Dungeon)

   Int+3:     It affects your intelligence (+3).
Missiles
 n - 25 stones
 s - 5 atropa-tipped darts
Armour
 a - a +0 animal skin
 e - a +1 leather armour (worn)
   (You found it on level 1 of the Dungeon)
 h - a +0 leather armour
   (You took it off an orc on level 3 of the Dungeon)
 l - a +0 chain mail
   (You found it on level 3 of the Dungeon)
 m - a +0 ring mail
   (You found it on level 1 of the Dungeon)
 r - a +0 robe
   (You took it off Jessica on level 2 of the Dungeon)
 u - a +0 kite shield
   (You found it on level 3 of the Dungeon)
Magical Staves
 g - a staff of fire
   (You found it on level 1 of the Dungeon)
Jewellery
 i - a ring of protection from fire (left hand)
   (You found it on level 1 of the Dungeon)
 z - a ring of see invisible (right hand)
   (You found it on level 2 of the Dungeon)
Talismans
 c - a beast talisman
 d - a flux talisman
Potions
 b - a potion of lignification {!q}
 f - 2 potions of enlightenment
 j - a potion of mutation {unknown}
 k - a potion of might {unknown}
 p - a potion of heal wounds {@q2}
 q - a potion of haste {@q3}
 t - 2 potions of curing {@q1}


   Skills:
 + Level 3.1 Fighting
 + Level 4.2 Dodging
 + Level 4.7 Unarmed Combat
 - Level 4.0 Shapeshifting


You had 4 spell levels left.
You didn't know any spells.
Your spell library was empty.

Dungeon Overview and Level Annotations

Branches:
Dungeon (3/15)

Altars:
Kikubaaqudgha
Trog

Shops:
D:2 *


Innate Abilities, Weirdness & Mutations

You are a hulking beast.
Your limbs bulge with bestial killing power. (Slay +2)
((You are very nimble when in or above water. (Stealth+, EV+, Speed+++)))
Your lower body shifts to a powerful aquatic tail in water.


Message History

A ball python is nearby!
You closely miss the ball python. The ball python barely misses you.
The ball python closely misses you.
You punch the ball python!
You kill the ball python!
Trog accepts your kill.
No target in view!
No target in view!
You see here a ball python corpse.
An orc comes into view. It is wielding a +0 hand axe.
The orc throws a stone.
The stone misses you.
An orc priest and an orc come into view.
The orc priest shouts!
You punch the orc!
You kill the orc!
Trog accepts your kill.
An orc priest comes into view. It is wielding a +0 dagger.
The orc priest shouts!
The orc priest looks satisfied for a moment.
An orc comes into view. It is wielding a +0 whip.
Things that are here:
a +0 hand axe; 12 stones The orc priest calls down the wrath of Beogh upon you.
Beogh smites you! The orc hits you with a +0 short sword.
You hit the orc. The orc closely misses you.
You hit the orc.
You kill the orc!
Trog accepts your kill.
You see here a +0 short sword.
The orc priest calls down the wrath of Beogh upon you.
Beogh smites you!
* * * LOW HITPOINT WARNING * * *
The orc priest hits you with a +0 hand axe.
* * * LOW HITPOINT WARNING * * *
You closely miss the orc priest. You punch the orc priest!
The orc priest calls down the wrath of Beogh upon you.
Beogh smites you!
* * * LOW HITPOINT WARNING * * *
The orc priest hits you with a +0 hand axe.
* * * LOW HITPOINT WARNING * * *
A red film seems to cover your vision as you go berserk!
You feel yourself moving faster!
You feel mighty!
The orc priest invokes the aid of Beogh against you.
Beogh smites you!
* * * LOW HITPOINT WARNING * * *
The orc priest miscasts a cantrip.
You closely miss the orc priest.
The orc priest hits you with a +0 hand axe.
You die...

######..o.# # ####o#
# #.#
#########o####.#
...............#
########..o########
######............#
..........)######.#
...###.........oho#
....##..###.#####)#
........# #.# #.#
....##..###.# #.#
##.###......# #.#
##.# #..#.### #.#
##.# #..#.# #.#
.#.###..#.#######.#
...##.............###


You could see 2 orc priests.

Vanquished Creatures
  Jessica (D:2)
  Natasha (D:2)
  3 adders (D:2)
  An adder skeleton (D:2)
  2 dart slugs (D:2)
  7 orcs (D:3)
  A ball python (D:3)
  5 bats
  2 bat skeletons (D:2)
  2 giant cockroaches
  5 goblins
  A hobgoblin (D:1)
  3 jackals (D:2)
  3 kobolds
  A quokka (D:2)
  A ball python skeleton (D:2)
  2 frilled lizards
  A quokka skeleton (D:2)
  A quokka zombie (D:2)
  3 rats (D:2)
46 creatures vanquished.

Vanquished Creatures (others)
  A human (D:3)
1 creature vanquished.

Grand Total: 47 creatures vanquished

Notes
Turn   | Place    | Note
-------+----------+-------------------------------------------
     0 | D:1      | James the Merfolk Shapeshifter began the quest for the Orb.
     0 | D:1      | Reached XP level 1. HP: 15/15 MP: 1/1
   323 | D:1      | Found a faded altar of an unknown god.
   341 | D:1      | Reached XP level 2. HP: 21/21 MP: 2/2
   347 | D:1      | Prayed at the altar of an unknown god.
   347 | D:1      | Became a worshipper of Trog the Wrathful
   347 | D:1      | Reached * piety under Trog
  1011 | D:2      | Reached XP level 3. HP: 27/27 MP: 3/3
  1031 | D:2      | Noticed Jessica
  1040 | D:2      | Killed Jessica
  1140 | D:2      | Reached XP level 4. HP: 32/34 MP: 4/4
  1619 | D:2      | Noticed Natasha
  1637 | D:2      | Killed Natasha
  1727 | D:2      | Identified the +7 dagger "Xiellum" {pain, Int+3}
  1776 | D:2      | Reached XP level 5. HP: 40/41 MP: 5/5
  1780 | D:2      | Reached ** piety under Trog
  1870 | D:2      | Found Qaod's Assorted Antiques.
  2171 | D:2      | Bought a scroll labelled ULARHEJ BA ONN for 22 gold pieces
  2171 | D:2      | Bought 2 scrolls labelled UJUCOATEAR for 44 gold pieces
  2171 | D:2      | Bought a scroll labelled JANERPHE JAMYNA for 22 gold pieces
  2396 | D:3      | Found an ancient bone altar of Kikubaaqudgha.
  2397 | D:3      | Noticed a human
  2399 | D:3      | Killed a human
  2535 | D:3      | HP: 2/61 [orc priest/divine providence (10)]
  2536 | D:3      | Slain by an orc priest

Illustrated notes

Levels and vault maps discovered:
D:1:      psy_arrival_heroes, layout_loops_corners,
          hellmonk_ecumenical_altar_crossroads, corexii_item_surrounded_by_moat
D:2:      layout_basic, serial_shops, nicolae_shop_just_a_little_nook,
          roderic_serpentine_path, dilly_guarded_unrand_morg, uniq_jessica
D:3:      layout_loops_ring, tgw_kikubaaqudgha, minmay_fountain_box

Skill      XL: |  1  2  3  4 |
---------------+-------------+-----
Unarmed Combat | 4 |  4.7
Dodging        | 3 4 |  4.2
Fighting       | 2 3 |  3.1
Shapeshifting  | |  4.0

Action                     |  1- 3 |  4- 6 || total
---------------------------+-------+-------++-------
  Melee: Unarmed           |    44 |    84 ||   128
         Punch             |     1 |     2 ||     3
 Invoke: Berserk           |       |     1 ||     1
    Use: Scroll            |       |     9 ||     9
 Armour: Animal skin       |     5 |       ||     5
         Leather armour    |    14 |    34 ||    48
  Dodge: Dodged            |    30 |    53 ||    83

Table legend: (Time is in decaauts)
 A = Elapsed time spent in this place.
 B = Non-inter-level travel time spent in this place.
 C = Inter-level travel time spent in this place.
 D = Time resting spent in this place.
 E = Time spent auto-exploring this place.
 F = Levels seen in this place.
 G = Mean time per level.
                   A        B        C        D        E       F      G
               +--------+--------+--------+--------+--------+-----+--------+
         Total |   2523 |   2288 |    235 |     93 |   1778 |   3 |  841.0 |
       Dungeon |   2523 |   2288 |    235 |     93 |   1778 |   3 |  841.0 |
               +--------+--------+--------+--------+--------+-----+--------+

Top non-repeatable levels by time:
     D:2: 1303 daAuts
     D:1: 921 daAuts
     D:3: 298 daAuts
